[Event "Betsys MČR v online bleskovém šachu 2021"]
[Site "Chess.com"]
[Date "2021.04.17"]
[Round "11"]
[White "JIDEMONI"]
[Black "TarantAnk"]
[Result "0-1"]
[WhiteElo "1877"]
[BlackElo "1736"]
[TimeControl "180+1"]
[EndTime "10:49:54 PDT"]
[Termination "Uživatel TarantAnk zvítězil po vzdání soupeře"]

1. d4 Nf6 2. Nf3 g6 3. Nc3 Bg7 4. e4 d6 5. Be2 O-O 6. O-O c5 7.
Be3 Ng4 8. h3 Nxe3 9. fxe3 Nc6 10. Qd2 e6 11. Rad1 Qc7 12. d5 exd5 13. exd5 Ne5 14.
Nxe5 Bxe5 15. Nb5 Qe7 16. c4 Bxb2 17. Qxb2 Qxe3+ 18. Kh1 Bxh3 19. Rf3 Bxg2+ 20. Kxg2 Qg5+ 21. Rg3 Qf4 22. Rf1 Qe4+ 23. Kg1 Rae8 24. Rg2 Qe7 25. Qf6 Qe3+ 26. Qf2 Qe5 27. Bd3 a6 28. Na3 Qc3 29. Bb1 Qxa3 30. Rg3 Qa5 31. Rf3 Qc7 32. Kg2 Kg7 33. Qb2+ Kg8 34. Qf6 Qe7 35. Qxe7 Rxe7 36. Rf6 Rd8 37. R1f2 b5 38. cxb5 axb5 39. Bc2 b4 40. Bb3 Kg7 41. R6f3 f5 42. Kf1 Rde8 43. Bc4 Re3 44. Rxe3 Rxe3 45. Re2 Rxe2 46. Kxe2 Kf6 47. Kf3 g5 0-1

[Event "Betsys MČR v online bleskovém šachu 2021"]
[Site "Chess.com"]
[Date "2021.04.17"]
[Round "11"]
[White "Cimrman"]
[Black "Soural_J"]
[Result "1-0"]
[WhiteElo "2332"]
[BlackElo "2192"]
[TimeControl "180+1"]
[EndTime "10:49:57 PDT"]
[Termination "Uživatel Cimrman zvítězil matem"]

1. d4 Nf6 2. Nf3 g6 3. c4 Bg7 4.
Nc3 O-O 5. e4 d6 6. Be2 c5 7.
O-O Nc6 8. d5 Na5 9. Qc2 e5 10.
Bd2 b6 11. b3 Nh5 12. Rfe1 Nf4 13. Bf1 f5 14. Bxf4 exf4 15. e5 dxe5 16. Nxe5 Qf6 17.
Nb5 Bb7 18. Nc7 Qd6 19. Nb5 Qb8 20. Nd7 Qc8 21. Nxf8 Bxa1 22. Ne6 Bf6 23. Nxf4 Qd7 24. g3 a6 25. Nc3 Re8 26. Rxe8+ Qxe8 27. Ne6 Bc8 28. Bg2 Nb7 29. Ne2 Nd6 30. N2f4 Qe7 31. h4 Kf7 32. Bf3 Kg8 33. Kg2 Nf7 34. Qe2 Ne5 35. Qe3 Nxf3 36. Qxf3 Be5 37. Qe3 Bxf4 38. gxf4 Bxe6 39. dxe6 Kf8 40. Qe5 Qb7+ 41. Kg3 Qh1 42. Qf6+ Ke8 43. Qf7+ Kd8 44. Qd7# 1-0

[Event "Betsys MČR v online bleskovém šachu 2021"]
[Site "Chess.com"]
[Date "2021.04.17"]
[Round "11"]
[White "Filipdol"]
[Black "Devasales"]
[Result "1/2-1/2"]
[WhiteElo "1896"]
[BlackElo "1765"]
[TimeControl "180+1"]
[EndTime "10:49:57 PDT"]
[Termination "Remíza opakováním pozice"]

1. e4 c5 2. Nc3 d6 3. f4 e6 4.
Nf3 Be7 5. Bc4 Nf6 6. d3 a6 7. a4 Nc6 8. O-O O-O 9. Qe1 Nd4 10. Qd1 e5 11. fxe5 Nxf3+ 12. Qxf3 dxe5 13. Be3 Qc7 14. Nd5 Nxd5 15. Bxd5 Be6 16. Bxe6 fxe6 17. Qe2 b5 18.
axb5 axb5 19. Rxa8 Rxa8 20. Qg4 Qc6 21. Bh6 g6 22. h4 Bf8 23. Bg5 Bg7 24. Bf6 Rf8 25. Qg5 Qc7 26. Bxg7 Rxf1+ 27. Kxf1 Qxg7 28. Qd8+ Qf8+ 29. Qxf8+ Kxf8 30. Ke2 Ke7 31. Ke3 Kd6 32. c3 h6 33.
g4 Kc6 34. d4 exd4+ 35. cxd4 c4 36. Kd2 b4 37. Kc2 Kd6 38. h5 g5 39. Kd2 Kc6 40. b3 c3+ 41. Kd3 Kd6 42. Kc2 Kc6 43. Kd3 Kd6 44. Kc2 Kc6 45. Kd3 1/2-1/2

[Event "Betsys MČR v online bleskovém šachu 2021"]
[Site "Chess.com"]
[Date "2021.04.17"]
[Round "11"]
[White "milanpetras"]
[Black "czechfant94"]
[Result "1-0"]
[WhiteElo "1847"]
[BlackElo "1603"]
[TimeControl "180+1"]
[EndTime "10:49:58 PDT"]
[Termination "Uživatel milanpetras zvítězil po vzdání soupeře"]

1. f4 d5 2. b3 e6 3. Bb2 Nf6 4. Nf3 Be7 5. e3 Nbd7 6. Ne5 Nxe5 7. Bxe5 b6 8. Bb5+ Bd7 9. Qe2 Bxb5 10. Qxb5+ Qd7 11.
Qxd7+ Kxd7 12. O-O Ng4 13. Bxg7 Rhg8 14. Bb2 h5 15. h3 Nh6 16. Nc3 Nf5 17. Ne2 h4 18. Rae1 Rg6 19. Kh2 Rag8 20. Rg1 Bb4 21. Bc3 Bxc3 22.
Nxc3 c5 23. Ne2 Nd6 24. g4 Ne4 25. d3 Nd6 26. Nc1 Kc6 27. e4 dxe4 28. dxe4 f5 29. gxf5 exf5 30. e5 Ne4 31. Rxg6+ Rxg6 32. Rg1 Rxg1 33.
Kxg1 Kd5 34. Kg2 Kd4 35. Ne2+ Ke3 36. Kf1 Nd2+ 37. Ke1 Nf3+ 38. Kd1 Kf2 39. e6 Kg2 40. e7 Kxh3 41. e8=Q Kg2 42. Qg6+ Kf2 43. Qxf5 h3 44. Qxh3 Ke3 45. Qxf3+ Kxf3 46. f5 1-0

[Event "Betsys MČR v online bleskovém šachu 2021"]
[Site "Chess.com"]
[Date "2021.04.17"]
[Round "11"]
[White "polik1112"]
[Black "Hanicka1517"]
[Result "1-0"]
[WhiteElo "1376"]
[BlackElo "1598"]
[TimeControl "180+1"]
[EndTime "10:49:59 PDT"]
[Termination "Uživatel polik1112 zvítězil po vzdání soupeře"]

1. e4 e6 2. d4 d5 3. e5 c5 4. c3 Nc6 5. Nf3 Nge7 6. Bd3 Ng6 7. O-O Be7 8. Be3 cxd4 9. cxd4 O-O 10. Nbd2 Nb4 11. Be2 Bd7 12. Nb3 Rc8 13. Rc1 Nxa2 14. Ra1 Nb4 15. Rxa7 Qc7 16. Qc1 Qxc1 17. Rxc1 Rxc1+ 18. Bxc1 Bc6 19. Na5 Rc8 20. Nxc6 Rxc6 21. Bd2 Na6 22. Rxb7 h6 23. Bb5 Rc7 24. Bxa6 Rc2 25.
Bd3 Rc8 26. Bxg6 fxg6 27. Rxe7 Rb8 28. Rxe6 Rxb2 29. Rxg6 Rb1+ 30. Be1 Kf7 31. Rd6 Rb5 32. Kf1 g5 33. Bd2 g4 34. Ne1 h5 35. Rh6 Rb2 36. Ke2 Kg7 37. Rxh5 Kg6 38. Rh4 Kf5 39. f3 gxf3+ 40.
Nxf3 Rb8 41. g4+ Kg6 42. Rh3 Rb4 43. Bxb4 1-0

[Event "Betsys MČR v online bleskovém šachu 2021"]
[Site "Chess.com"]
[Date "2021.04.17"]
[Round "11"]
[White "Mitram64"]
[Black "sodikus"]
[Result "0-1"]
[WhiteElo "2084"]
[BlackElo "2276"]
[TimeControl "180+1"]
[EndTime "10:50:01 PDT"]
[Termination "Uživatel sodikus zvítězil matem"]

1. d4 Nf6 2. Nf3 e6 3. Bf4 c5 4. e3 Qb6 5. Nc3 Nc6 6. dxc5 Bxc5 7. Na4 Qa5+ 8. c3 Be7 9. b4 Nxb4 10. Be2 Nbd5 11. Be5 d6 12. Bd4 e5 13. e4 Nf4 14.
Be3 Nxg2+ 15. Kf1 Bh3 16. Kg1 Nxe3 17. fxe3 Ng4 18. Rb1 O-O 19. Rb5 Qc7 20. Qb1 b6 21. Qc1 f5 22. exf5 Rxf5 23. e4 Rf4 24. c4 Raf8 25.
Qc3 Qc8 26. Rd5 Qe6 27. Nd2 Qh6 28. Qg3 Rf2 29. Rd3 Rxe2 30. Rf3 Rxd2 31. Qxh3 Rd1+ 32.
Kg2 Qxh3+ 33. Rxh3 Rf2+ 34. Kg3 Rxh1 35. Kxg4 Rf4+ 36. Kg3 Rg1# 0-1

[Event "Betsys MČR v online bleskovém šachu 2021"]
[Site "Chess.com"]
[Date "2021.04.17"]
[Round "11"]
[White "Tolja1"]
[Black "mendryxchess"]
[Result "1-0"]
[WhiteElo "2041"]
[BlackElo "1800"]
[TimeControl "180+1"]
[EndTime "10:50:02 PDT"]
[Termination "Uživatel Tolja1 zvítězil matem"]

1. Nf3 c5 2. c4 Nf6 3. Nc3 Nc6 4. e3 d6 5. d4 g6 6. d5 Na5 7. Be2 Bg7 8. O-O O-O 9. h3 b6 10. Qc2 Ba6 11. Nd2 Qc7 12. Rb1 Rfc8 13. a3 Rab8 14. b3 h6 15. Bb2 Qb7 16. a4 Qc7 17. Bd3 Nb7 18. Nb5 Bxb5 19. axb5 Na5 20. Bc3 Nd7 21. Bxg7 Kxg7 22. Qc3+ Kg8 23. Ra1 Ne5 24. Bc2 Ra8 25. f4 Nd7 26. e4 a6 27. Rae1 axb5 28. cxb5 Nb7 29. e5 Ra2 30. e6 Nf6 31. exf7+ Kxf7 32. Qd3 Rg8 33. Nc4 Na5 34. Nxa5 Rxa5 35. Re2 Raa8 36. Rfe1 Rae8 37. Re6 Qd7 38. f5 g5 39. Qd2 Kg7 40.
Be4 Kf7 41. Bf3 Rg7 42. Qe2 Reg8 43. Bh5+ Kf8 44. Bg6 Qd8 45. Rxf6+ exf6 46. Qe8+ Qxe8 47. Rxe8# 1-0

[Event "Betsys MČR v online bleskovém šachu 2021"]
[Site "Chess.com"]
[Date "2021.04.17"]
[Round "11"]
[White "YawningBagel"]
[Black "jachym08"]
[Result "1-0"]
[WhiteElo "2000"]
[BlackElo "2221"]
[TimeControl "180+1"]
[EndTime "10:50:04 PDT"]
[Termination "Uživatel YawningBagel zvítězil po vzdání soupeře"]

1. d4 Nf6 2. c4 g6 3. Nc3 d5 4. cxd5 Nxd5 5. e4 Nxc3 6. bxc3 Bg7 7. Bg5 O-O 8. Rc1 c5 9. Nf3 Bg4 10. d5 Qa5 11. Qd2 Nd7 12. Be2 e6 13. c4 Qxd2+ 14.
Kxd2 Bxf3 15. Bxf3 e5 16. Be2 f6 17. Be3 Rf7 18. Rb1 b6 19. g3 Re8 20. a4 f5 21.
f3 f4 22. Bf2 fxg3 23. hxg3 Bf6 24. Be3 Bd8 25. Kd3 Ref8 26. Rhf1 Kg7 27. f4 Bf6 28. a5 bxa5 29. Rb5 exf4 30. gxf4 Bd8 31. Bd2 Bc7 32.
Rb7 Bb6 33. Kc2 Kg8 34. Bg4 Nf6 35. Be6 Nxe4 36. Bxf7+ Rxf7 37. Rxf7 Kxf7 38. Kd3 Nd6 39. Ra1 Nf5 40. Bxa5 Nd4 41. Bxb6 axb6 42. Rb1 Kf6 43. Ke4 Nf5 44. Rxb6+ Ke7 45. Ke5 1-0

[Event "Betsys MČR v online bleskovém šachu 2021"]
[Site "Chess.com"]
[Date "2021.04.17"]
[Round "11"]
[White "tiger196223"]
[Black "TrickyPeat"]
[Result "1-0"]
[WhiteElo "1839"]
[BlackElo "2157"]
[TimeControl "180+1"]
[EndTime "10:50:06 PDT"]
[Termination "Uživatel tiger196223 zvítězil na čas"]

1. d4 Nf6 2. Nf3 g6 3. Bg5 Bg7 4. Nbd2 c5 5. c3 d5 6. e3 Nc6 7. Bd3 Qb6 8. Qb3 c4 9. Qxb6 axb6 10. Bc2 b5 11. b4 cxb3 12. Nxb3 b4 13. Bd3 bxc3 14.
O-O Nb4 15. Bb5+ Bd7 16. Bxd7+ Nxd7 17. Rfc1 Rc8 18. a3 Na6 19. Rc2 f6 20. Bf4 e5 21.
dxe5 fxe5 22. Bg5 h6 23. Bh4 O-O 24. Rd1 Nb6 25. Na5 Rf7 26. Bg3 e4 27. Ne5 Bxe5 28.
Bxe5 Na4 29. Rxd5 b6 30. Nb3 N6c5 31. Nxc5 Rxc5 32. Rxc5 bxc5 33. Bxc3 Rb7 34. g3 Rb3 35. Be5 Rxa3 36. Rd2 1-0

[Event "Betsys MČR v online bleskovém šachu 2021"]
[Site "Chess.com"]
[Date "2021.04.17"]
[Round "11"]
[White "Kamilotka"]
[Black "JosefBara"]
[Result "0-1"]
[WhiteElo "1581"]
[BlackElo "1318"]
[TimeControl "180+1"]
[EndTime "10:50:06 PDT"]
[Termination "Uživatel JosefBara zvítězil na čas"]

1. e4 e6 2. d4 d5 3. exd5 exd5 4.
c4 dxc4 5. Bxc4 Nf6 6. Nf3 Be7 7.
O-O O-O 8. Nc3 a6 9. Bf4 b5 10.
Be2 Bb7 11. Re1 Nc6 12. h3 h6 13. Nh2 Qxd4 14. Qc1 Bc5 15. Be3 Qe5 16. Bf3 Bxe3 17. Rxe3 Qc5 18. a3 Rab8 19. b4 Qa7 20. Ne2 Ne5 21.
Rxe5 Bxf3 22. Nxf3 Rfe8 23. Rxe8+ Rxe8 24. Ng3 Rc8 25. Qd2 c5 26. bxc5 Qxc5 27. Re1 Qxa3 28. Qe2 b4 29.
Qe7 Qb2 30. Ne5 Rf8 31. Nd3 Qb3 32. Nxb4 a5 33. Nc6 a4 34. Nd4 Qb2 35. Ndf5 a3 36. Qe2 Qb4 37. Ne7+ Kh8 38. Qe4 Qb2 0-1

[Event "Betsys MČR v online bleskovém šachu 2021"]
[Site "Chess.com"]
[Date "2021.04.17"]
[Round "11"]
[White "FutureFideMasseur"]
[Black "Bohous13"]
[Result "0-1"]
[WhiteElo "2431"]
[BlackElo "2240"]
[TimeControl "180+1"]
[EndTime "10:50:08 PDT"]
[Termination "Uživatel Bohous13 zvítězil po vzdání soupeře"]

1. d4 e6 2. c4 d5 3. Nc3 c5 4. cxd5 exd5 5. Nf3 Nc6 6. g3 Nf6 7. Bg2 Be7 8. O-O O-O 9. Bg5 cxd4 10. Nxd4 h6 11. Be3 Ne5 12. b3 Qa5 13. Bd2 Qb6 14.
Nf3 Ng6 15. Be3 Qa6 16. Bd4 Be6 17. Rc1 Rfd8 18. Re1 Bf5 19. Na4 Ne4 20. Ne5 Bb4 21. Rf1 Nd2 22. Bc5 Bxc5 23. Nxc5 Qxa2 24. Nxg6 Bxg6 25.
Ra1 Qc2 26. Qxc2 Bxc2 27. Rfc1 Nxb3 28. Nxb3 Bxb3 29. Rc7 a5 30. Rxb7 a4 31. e3 g5 32.
Kf1 Bc4+ 33. Ke1 a3 34. Kd2 a2 35. Kc3 Rdb8 36. Rxb8+ Rxb8 37. Kc2 f5 38. f4 gxf4 39.
exf4 Kf7 40. Bf3 Ke6 41. Bg2 Kd6 42. Bf1 Rb1 0-1

[Event "Betsys MČR v online bleskovém šachu 2021"]
[Site "Chess.com"]
[Date "2021.04.17"]
[Round "11"]
[White "maelic"]
[Black "veronikam"]
[Result "0-1"]
[WhiteElo "1753"]
[BlackElo "1616"]
[TimeControl "180+1"]
[EndTime "10:50:08 PDT"]
[Termination "Uživatel veronikam zvítězil po vzdání soupeře"]

1. e4 e5 2. Nf3 Nf6 3. Nc3 Nc6 4.
d4 exd4 5. Nxd4 Bb4 6. Nxc6 bxc6 7. Bd3 d5 8. exd5 cxd5 9. Qe2+ Be6 10. O-O O-O 11. Bg5 c6 12. Qf3 Rb8 13. Bxf6 Qxf6 14.
Qxf6 gxf6 15. Ne2 Bd6 16. b3 Be5 17. Rad1 c5 18. Ng3 Rfc8 19. Bf5 c4 20. Rd2 Bf4 21. Re2 Rb6 22. Rfe1 Rcc6 23. Bxe6 fxe6 24. Nh5 Be5 25. f4 Bd4+ 26. Kf1 Kf7 27. g4 Ra6 28. a4 cxb3 29.
cxb3 Rab6 30. Rd1 Bc3 31. Rb1 Ba5 32. Ng3 Rc3 33. Kg2 Rcxb3 34. Rxb3 Rxb3 35. Ra2 Be1 36. h3 Bxg3 37. a5 Bxf4 38. a6 Bc7 39. Rc2 Bb6 40. Rc6 Ke7 41. h4 Ra3 42. h5 Rxa6 43. h6 Ra2+ 44. Kf3 Kd7 45. Rc1 Ra3+ 46. Kg2 Be3 0-1

[Event "Betsys MČR v online bleskovém šachu 2021"]
[Site "Chess.com"]
[Date "2021.04.17"]
[Round "11"]
[White "Ladislav1969"]
[Black "marecek1754"]
[Result "1/2-1/2"]
[WhiteElo "2317"]
[BlackElo "2184"]
[TimeControl "180+1"]
[EndTime "10:50:09 PDT"]
[Termination "Remíza opakováním pozice"]

1. e4 e5 2. Bc4 Nf6 3. d3 Nc6 4. Nf3 Bc5 5. c3 d6 6. Nbd2 O-O 7. O-O Be6 8. Qe2 Qd7 9. b4 Bb6 10. Bxe6 fxe6 11. Nc4 Ne7 12. a4 c6 13. Nxb6 axb6 14. Be3 c5 15. bxc5 bxc5 16. a5 Nc6 17. Rfb1 Rxa5 18.
Rxa5 Nxa5 19. Qa2 Nc6 20. Rb6 Nh5 21. Qb3 Nd8 22. d4 exd4 23. cxd4 cxd4 24. Nxd4 Nf4 25. g3 Ng6 26. Nf5 d5 27. Nd4 Ne5 28. exd5 exd5 29. Kg2 Kh8 30. Rb5 Nc4 31. Bf4 Rxf4 32. gxf4 Qg4+ 33.
Qg3 Qd7 34. Qf3 Nd2 35. Qxd5 Qg4+ 36. Kh1 Qd1+ 37. Kg2 Qg4+ 38. Kh1 Qd1+ 39. Kg2 Qg4+ 1/2-1/2

[Event "Betsys MČR v online bleskovém šachu 2021"]
[Site "Chess.com"]
[Date "2021.04.17"]
[Round "11"]
[White "Dvacetsekund"]
[Black "vasekpaulus"]
[Result "1-0"]
[WhiteElo "2200"]
[BlackElo "2050"]
[TimeControl "180+1"]
[EndTime "10:50:09 PDT"]
[Termination "Uživatel Dvacetsekund zvítězil po vzdání soupeře"]

1. e4 c5 2. Nf3 Nc6 3. Nc3 e5 4. Bc4 Be7 5. d3 d6 6. Nd2 Nf6 7.
Nf1 O-O 8. Ne3 Nd7 9. a4 Nb6 10. O-O Nxc4 11. dxc4 Be6 12. Ncd5 Bg5 13. c3 Bxe3 14.
Bxe3 Bxd5 15. cxd5 Ne7 16. f4 f6 17. fxe5 fxe5 18. Qg4 Ng6 19. Bg5 Qb6 20. Be7 c4+ 21. Kh1 Rxf1+ 22. Rxf1 Qxb2 23. Bxd6 Qb6 24. Qe6+ Kh8 25.
h4 Rd8 26. h5 Qxd6 27. Qxd6 Rxd6 28. hxg6 hxg6 29. Rf8+ Kh7 30. Re8 Ra6 31. Rxe5 Rxa4 32. d6 Ra1+ 33. Kh2 Rd1 34. Rd5 Re1 35. d7 Rxe4 36.
d8=Q 1-0

[Event "Betsys MČR v online bleskovém šachu 2021"]
[Site "Chess.com"]
[Date "2021.04.17"]
[Round "11"]
[White "FormerProdigy"]
[Black "MartinCerveny"]
[Result "1-0"]
[WhiteElo "2871"]
[BlackElo "2669"]
[TimeControl "180+1"]
[EndTime "10:50:10 PDT"]
[Termination "Uživatel FormerProdigy zvítězil po vzdání soupeře"]

1. e4 c5 2. Nf3 d6 3. Bb5+ Bd7 4.
Bxd7+ Qxd7 5. c4 Nf6 6. Nc3 Nc6 7. d4 cxd4 8. Nxd4 Qg4 9. Qxg4 Nxg4 10. Nxc6 bxc6 11.
Bf4 g5 12. Bg3 Bg7 13. Ke2 Rb8 14. Rab1 Bxc3 15. bxc3 Kd7 16. c5 Ke6 17. cxd6 exd6 18. Rb3 Rxb3 19. axb3 Rb8 20. b4 a5 21. bxa5 Rb2+ 22.
Kf3 h5 23. Ra1 Rb7 24. a6 Ra7 25. Ra5 f6 26. h4 gxh4 27. Bxh4 Ne5+ 28. Ke2 c5 29. Ra1 Nc6 30. Bg3 Nb8 31. Rb1 Nd7 32. Ra1 Nb8 33. Rh1 Rh7 34. Rxh5 Ra7 35. Rh8 Nc6 36. f4 Rxa6 37. f5+ Kd7 38. Rh7+ Ne7 39. Bh4 d5 40. e5 Ke8 41. g4 Ng8 42. Bxf6 Nxf6 43. exf6 Ra4 44. g5 Rf4 45. g6 Rxf5 46. Rh8+ Kd7 47. g7 1-0

[Event "Betsys MČR v online bleskovém šachu 2021"]
[Site "Chess.com"]
[Date "2021.04.17"]
[Round "11"]
[White "Honzik1950"]
[Black "Asmodai5"]
[Result "0-1"]
[WhiteElo "1493"]
[BlackElo "1374"]
[TimeControl "180+1"]
[EndTime "10:50:11 PDT"]
[Termination "Uživatel Asmodai5 zvítězil na čas"]

1. e4 e5 2. Nf3 Nc6 3. Bb5 Bc5 4. O-O Nf6 5. d3 d6 6. c3 O-O 7. Bg5 Bg4 8. Nbd2 a6 9. Ba4 b5 10. Bc2 Qe7 11. Re1 Nd8 12. Nf1 Ne6 13. Be3 Rad8 14. h3 Bxf3 15. Qxf3 c6 16. Rad1 d5 17. exd5 cxd5 18.
Bxc5 Nxc5 19. Ng3 e4 20. dxe4 dxe4 21. Qe2 Rxd1 22. Rxd1 Re8 23. Rd4 e3 24. fxe3 Qe5 25.
Kf2 h6 26. b4 Ncd7 27. Ne4 Nxe4+ 28. Rxe4 Qf5+ 29. Qf3 Qxf3+ 30. gxf3 Rxe4 31. Bxe4 Nf6 32.
Bb7 Nh5 33. Bxa6 f6 34. Bxb5 g5 35. a4 Ng7 36. a5 Ne6 37. a6 Nc7 0-1

[Event "Betsys MČR v online bleskovém šachu 2021"]
[Site "Chess.com"]
[Date "2021.04.17"]
[Round "11"]
[White "Molefancier"]
[Black "vaclavbelaska"]
[Result "0-1"]
[WhiteElo "1070"]
[BlackElo "1381"]
[TimeControl "180+1"]
[EndTime "10:50:11 PDT"]
[Termination "Uživatel vaclavbelaska zvítězil na čas"]

1. e4 c5 2. Nf3 d6 3. d4 cxd4 4. Nxd4 Nf6 5. Nc3 g6 6. Bd3 Bg7 7. Be3 O-O 8. O-O Qc7 9. f4 a6 10. Nf3 Nc6 11. Nd5 Nxd5 12. exd5 Nb4 13. Be4 Bxb2 14.
Rb1 Bc3 15. Bd4 Bxd4+ 16. Qxd4 Nxc2 17. Bxc2 Qxc2 18. f5 Bxf5 19. Rbc1 Qe4 20. Qf2 Rac8 21. Ng5 Qa4 22. Rcd1 Rc2 23. Qf4 Qxa2 24. Qh4 Rxg2+ 25. Kh1 h5 26. Rg1 Rxg1+ 27. Rxg1 Qxd5+ 28. Rg2 Bg4 29. h3 Qd1+ 30. Kh2 Bf3 31. Nxf3 Qxf3 32. Qa4 Qc6 33. Qh4 Rc8 34. Qe1 Qd7 35. Re2 Qf5 0-1

[Event "Betsys MČR v online bleskovém šachu 2021"]
[Site "Chess.com"]
[Date "2021.04.17"]
[Round "11"]
[White "kaprasov"]
[Black "FrantisekP"]
[Result "1-0"]
[WhiteElo "1871"]
[BlackElo "1643"]
[TimeControl "180+1"]
[EndTime "10:50:12 PDT"]
[Termination "Uživatel kaprasov zvítězil po vzdání soupeře"]

1. d4 Nf6 2. Bf4 d6 3. Nc3 g6 4. e4 Bg7 5. Qd2 Nbd7 6. O-O-O O-O 7. Bh6 e5 8. Nf3 exd4 9. Nxd4 Re8 10. f3 Ne5 11. h4 Bxh6 12. Qxh6 Be6 13. Be2 Bc4 14. Bxc4 Nxc4 15. h5 Re7 16. hxg6 fxg6 17. g4 Qf8 18.
Qg5 Kf7 19. Nd5 Re5 20. Qxf6+ Ke8 21. Nxc7+ Kd7 22. Qxf8 Rxf8 23. Ncb5 Rxb5 24. Nxb5 Rxf3 25. Nxd6 Ne3 26. Rd3 Ke6 27. Re1 Nxg4 28. Rxf3 h5 29. e5 h4 30. Rf4 g5 31. Rxg4 a5 32. Rxg5 a4 33. Rh5 h3 34. Rxh3 a3 35. Rh6+ Kd5 36. c4+ Kc5 37. b4+ Kd4 38. Nxb7 Kc3 39. Re3+ Kxb4 40. c5 Kb5 41. c6 Kb6 42. Rc3 Kc7 43. Rh7+ Kc8 44. c7 Kxb7 45. c8=Q+ Kb6 46. Rb7+ 1-0

[Event "Betsys MČR v online bleskovém šachu 2021"]
[Site "Chess.com"]
[Date "2021.04.17"]
[Round "11"]
[White "HCMotorCB"]
[Black "HonzaVykouk"]
[Result "0-1"]
[WhiteElo "2388"]
[BlackElo "2680"]
[TimeControl "180+1"]
[EndTime "10:50:13 PDT"]
[Termination "Uživatel HonzaVykouk zvítězil po vzdání soupeře"]

1. c3 Nf6 2. d4 g6 3. Bg5 Bg7 4. Nd2 d5 5. e3 O-O 6. Bd3 c5 7. f4 Nc6 8. Ngf3 b6 9. O-O Qc7 10. Ne5 Bb7 11. Ndf3 Ne4 12. Nxc6 Bxc6 13. Bh4 f6 14.
Nd2 Nd6 15. Bg3 Rae8 16. Qc2 Bd7 17. Rae1 Bf5 18. e4 dxe4 19. Nxe4 cxd4 20. Nxd6 Qxd6 21. Bxf5 gxf5 22. Qxf5 dxc3 23. bxc3 e6 24. Qc2 f5 25.
Kh1 Rc8 26. Qb3 Rfe8 27. Rd1 Qc6 28. Rd3 Qc4 29. Qxc4 Rxc4 30. Rd7 a6 31. Bf2 b5 32. Ra7 Rxf4 33. Rxa6 Bxc3 34. g3 Ra4 35. Rxa4 bxa4 36. Rc1 Bb2 37. Rc2 a3 38. Rc7 Rd8 39. Kg2 Rd2 40. Kf3 Be5 41. Ra7 Rxf2+ 0-1

[Event "Betsys MČR v online bleskovém šachu 2021"]
[Site "Chess.com"]
[Date "2021.04.17"]
[Round "11"]
[White "zdenav"]
[Black "Simago"]
[Result "0-1"]
[WhiteElo "1853"]
[BlackElo "2105"]
[TimeControl "180+1"]
[EndTime "10:50:13 PDT"]
[Termination "Uživatel Simago zvítězil po vzdání soupeře"]

1. e4 c5 2. Nf3 g6 3. Bc4 Bg7 4. O-O Nc6 5. d3 e6 6. h3 Nge7 7. a3 O-O 8. Nbd2 d5 9. exd5 exd5 10. Ba2 h6 11. Re1 Be6 12. Nf1 Qd7 13. Kh2 Rae8 14.
Ng3 Kh7 15. c3 Nf5 16. Nxf5 Bxf5 17. Rxe8 Rxe8 18. d4 cxd4 19. cxd4 Qd6+ 20. g3 Be4 21. Bf4 Qd7 22. Ne5 Nxe5 23. dxe5 Bxe5 24. Bxe5 Rxe5 25.
f3 Bf5 26. g4 Be6 27. Kg2 Qb5 28. Qd4 Re2+ 29. Kg3 Qxb2 30. Qxb2 Rxb2 31. h4 b5 32. Kf4 Kg7 33. Bb1 Kf6 34. Bd3 g5+ 35. hxg5+ hxg5+ 36. Ke3 Ke5 37. f4+ gxf4+ 38. Kf3 Rb3 39. Re1+ Kd4 40. Kxf4 Rxd3 41. Rb1 a6 42. a4 Kc5 43. axb5 axb5 44.
g5 b4 45. Ke5 Re3+ 46. Kf6 Rf3+ 47. Ke7 Rg3 48. Kf6 Kc4 49. Rc1+ Rc3 50. Re1 b3 51. g6 fxg6 52. Rxe6 b2 53. Rb6 Rb3 54.
Rc6+ Kd3 55. Rd6 Kd4 56. Kxg6 b1=Q+ 57. Kf6 Rf3+ 58. Ke7 Qh7+ 0-1

[Event "Betsys MČR v online bleskovém šachu 2021"]
[Site "Chess.com"]
[Date "2021.04.17"]
[Round "11"]
[White "sajmon8"]
[Black "Pekibeast"]
[Result "0-1"]
[WhiteElo "1656"]
[BlackElo "1878"]
[TimeControl "180+1"]
[EndTime "10:50:15 PDT"]
[Termination "Uživatel Pekibeast zvítězil po vzdání soupeře"]

1. e4 e6 2. d4 d5 3. Nc3 dxe4 4.
Nxe4 Nf6 5. Bg5 Be7 6. Nxf6+ Bxf6 7. Bxf6 Qxf6 8. Nf3 O-O 9. Bd3 Rd8 10. O-O Nc6 11. c3 b6 12. Be4 Bb7 13. Qe2 Na5 14. Bxb7 Nxb7 15. Rad1 c5 16. dxc5 Nxc5 17. Nd4 e5 18. Nf3 Re8 19. Rd5 e4 20. Nd4 Rad8 21. Rf5 Qg6 22.
Rf4 Nd3 23. Rg4 Qf6 24. Rxe4 Rxe4 25. Qxe4 Nxb2 26. Re1 h6 27. h3 Na4 28. Nf5 Nxc3 29. Ne7+ Kh8 30. Qc4 Re8 31. Ng6+ Kh7 32. Rxe8 Kxg6 33.
Re1 b5 34. Qd3+ Kg5 35. Rc1 b4 36. Qg3+ Kf5 37. Re1 Qd4 38. Re3 Qd1+ 39. Kh2 Qd4 40. Rf3+ Ke6 41. Re3+ Kf6 42. Rd3 Qe5 43. Rf3+ Ke6 44.
Re3 Ne4 45. Rxe4 Qxe4 46. Qf3 Qxf3 47. gxf3 a5 48. Kg3 a4 49. Kf4 b3 0-1

[Event "Betsys MČR v online bleskovém šachu 2021"]
[Site "Chess.com"]
[Date "2021.04.17"]
[Round "11"]
[White "Koli05"]
[Black "tryskomys"]
[Result "0-1"]
[WhiteElo "1808"]
[BlackElo "1616"]
[TimeControl "180+1"]
[EndTime "10:50:15 PDT"]
[Termination "Uživatel tryskomys zvítězil na čas"]

1. d4 d5 2. c4 Nc6 3. e3 e5 4. Nc3 exd4 5. Nxd5 Nf6 6. Nxf6+ Qxf6 7. exd4 Nxd4 8.
Ne2 Bc5 9. Be3 Nxe2 10. Qxe2 Bxe3 11. Qxe3+ Be6 12. Bd3 O-O 13. O-O Qxb2 14. Rab1 Qxa2 15. Rxb7 Bxc4 16. Rxc7 Bxd3 17. Qxd3 a5 18. h3 Qe6 19.
Rd1 a4 20. Qa3 h6 21. Rcd7 Qb3 22. Qxb3 axb3 23. Rb1 Rfb8 24. Kh2 Ra2 25. Rd3 b2 26. Rd2 f6 27. f3 Kf7 28. Kg3 Kg6 29. Re2 Rb3 30.
Rd2 h5 31. h4 Kf5 32. Rc2 g5 33. Rc5+ Kg6 34. Rc2 Rb4 35. hxg5 Kxg5 36. Rc5+ f5 37. Rc2 Rb3 38. Rd2 h4+ 39. Kf2 Rb4 40. Re2 Kf4 41. Rd2 Rb3 42. Rc2 h3 43. g3+ Kg5 44. f4+ Kg4 45.
Rd2 Rf3+ 46. Ke2 Rxg3 0-1

[Event "Betsys MČR v online bleskovém šachu 2021"]
[Site "Chess.com"]
[Date "2021.04.17"]
[Round "11"]
[White "viklan"]
[Black "mayerrs"]
[Result "0-1"]
[WhiteElo "1585"]
[BlackElo "1851"]
[TimeControl "180+1"]
[EndTime "10:50:16 PDT"]
[Termination "Uživatel mayerrs zvítězil po vzdání soupeře"]

1. d4 g6 2. c4 Nf6 3. Nf3 Bg7 4. g3 O-O 5. Bg2 d6 6. O-O a5 7. Nc3 c6 8. b3 Re8 9. Bb2 Nbd7 10. e4 e5 11. Re1 Rb8 12. Qd2 b5 13. cxb5 cxb5 14.
Rac1 b4 15. Nd5 Bb7 16. Nxf6+ Nxf6 17. dxe5 Nxe4 18. Qd3 dxe5 19. Qxd8 Rbxd8 20. Nxe5 Nd6 21. Bxb7 Nxb7 22. Nc4 Bxb2 23. Nxb2 Rxe1+ 24. Rxe1 Rd2 25. Rb1 Nc5 26. Rc1 Ne4 27. Rc8+ Kg7 28. Nc4 Rxa2 29. Ra8 Nxf2 30. Rxa5 Rxa5 31. Nxa5 Nd3 32. Kf1 Kf6 33. Ke2 Nc5 34. Nc6 Nxb3 35. Nxb4 Nd4+ 36. Kf2 h5 37. Nd3 Kf5 38. Nf4 Ne6 39. Ne2 g5 40. h3 Ke5 41. Kg2 f5 42. Nc3 Nd4 43. Nd1 Ke4 44.
Nf2+ Ke3 45. Nd1+ Kd2 46. Nb2 Ke2 47. Nc4 f4 48. gxf4 gxf4 49. Ne5 Nf5 50. Nf3 Ne3+ 51. Kg1 Kxf3 0-1

[Event "Betsys MČR v online bleskovém šachu 2021"]
[Site "Chess.com"]
[Date "2021.04.17"]
[Round "11"]
[White "MBorkovec"]
[Black "TommyLud"]
[Result "1-0"]
[WhiteElo "2291"]
[BlackElo "2161"]
[TimeControl "180+1"]
[EndTime "10:50:17 PDT"]
[Termination "Uživatel MBorkovec zvítězil matem"]

1. e4 c5 2. Nf3 e6 3. d4 cxd4 4. Nxd4 Nc6 5. c4 Nf6 6. Nc3 Bb4 7. Nxc6 bxc6 8. e5 Ne4 9. Qd4 Nxc3 10. bxc3 Be7 11.
Bd3 O-O 12. O-O Bb7 13. Qe4 g6 14. Bh6 Re8 15. Rab1 Qc7 16. h4 Rab8 17. h5 c5 18. Qf4 d6 19. hxg6 hxg6 20. Rbc1 dxe5 21. Qg4 Bf6 22.
Bxg6 fxg6 23. Qxg6+ Bg7 24. Rcd1 Bc6 25. Rd3 Qf7 26.
Qg4 Kh8 27. Rh3 Kg8 28. Rg3 Re7 29. Bxg7 Qxg7 30. Qh4 Rbe8 31. Rxg7+ Rxg7 32. g3 Rf8 33. Qh6 Re8 34. Rd1 Rh7 35. Qg6+ Rg7 36. Qf6 Rh7 37. f3 Rf7 38. Qg5+ Rg7 39. Qxe5 Bxf3 40. Rf1 Bb7 41. Rf6 Rd8 42. Rxe6 Rd1+ 43. Kf2 Rd2+ 44. Ke3 Rxa2 45.
Re8+ Kh7 46. Qh5# 1-0